cohdb
Replays
Latest Replays
All Replays
Popular Replays
Top Player Replays
Match Explorer
How It Works
Community
CoH3 Stats
Reddit
Sign in to upload your games and track your stats! →
Sign in with Steam
Match 43938624
Unlisted
Match 43938624
Overview
Messages
Build Orders
End
Royal Engineer Section
Construct Section Command Post
Selects Canadian Shock Battlegroup
Infantry Section
Infantry Section
Grenade Package
Selects Incendiary Munitions
Construct Field Infirmary
Infantry Section
Royal Engineer Section
Construct Platoon Command Post
6-pounder Anti-tank Gun Team
Selects Pyrotechnics
Unlock Bishop Self-propelled Artillery
Royal Engineer Section
Bishop Self-propelled Artillery
6-pounder Anti-tank Gun Team
GruZ
Frodosynthesis
Zero Ambition
Clumsy
Gubbagegg
Zoni
0
0
Comments
sign in to comment!
No comments posted yet!